 Dungeon Crawl Stone Soup version 0.28-a0-1415-g7c84da036a (webtiles) character file.

Game seed: 7061987510930409156

468 browni3141 the Shield-Bearer (level 7, -1/53 HPs)
             Began as a Human Fighter on Jan 8, 2022.
             Slain by a kobold brigand (5 damage)
             ... in a sewer.
             The game lasted 00:08:11 (2678 turns).

browni3141 the Shield-Bearer (Human Fighter)        Turns: 2678, Time: 00:08:12

Health: -1/53      AC: 10    Str: 18    XL:     7   Next: 30%
Magic:  7/7        EV:  6    Int:  8    God:
Gold:   119        SH:  5    Dex: 13    Spells: 6/6 levels left

rFire   . . .      SeeInvis .   a - +0 long sword
rCold   . . .      Faith    .   c - +0 buckler
rNeg    . . .      Spirit   .   m - +0 chain mail
rPois   .          Reflect  .   j - +0 helmet
rElec   .          Harm     .   (no cloak)
rCorr   .          Rampage  .   (no gloves)
Will    .....                   (no boots)
Stlth   ..........              (no amulet)
HPRegen 0.17/turn               (no ring)
MPRegen 0.10/turn               (no ring)

@: very slow
A: no striking features
a: no special abilities


You were in a sewer.
You visited 1 branch of the dungeon, and saw 3 of its levels.
You also visited: Sewer.

You collected 119 gold pieces.

Inventory:

Hand Weapons
 a - a +0 long sword (weapon)
 q - a +0 hand crossbow
Missiles
 p - 8 poisoned darts (quivered)
 r - 14 bolts
Armour
 b - a +0 scale mail
 c - a +0 buckler (worn)
 h - a +0 plate armour
 j - a +0 helmet (worn)
 m - a +0 chain mail (worn)
Scrolls
 g - a scroll of blinking {unknown}
 i - 2 scrolls of identify {unknown}
 k - a scroll of immolation {unknown}
 l - a scroll of enchant armour {unknown}
Potions
 d - a potion of might
 e - a potion of heal wounds {unknown}
 f - 2 potions of curing {unknown}
 n - a potion of haste {unknown}


   Skills:
 + Level 3.9 Fighting
 + Level 3.3 Long Blades
 + Level 3.9 Armour
 * Level 6.2 Shields


You had 6 spell levels left.
You didn't know any spells.
Your spell library contained the following spells:

 Spells                   Type           Power      Damage    Failure   Level
 Inner Flame              Hex/Fire       0%         N/A       100%        3
 Cause Fear               Hex            0%         N/A       100%        4
 Discord                  Hex            0%         N/A       100%        8


Dungeon Overview and Level Annotations

Branches:
Dungeon (3/15)              Sewer (1/1)

Altars:

Annotations:
D:3 Sigmund


Message History

The kobold hits you but does no damage.
You hit the kobold brigand but do no damage.
The kobold brigand is severely wounded.
The kobold brigand splashes around in the water.
The kobold hits you but does no damage.
You slash the kobold brigand!
The kobold brigand is almost dead.
The kobold brigand splashes around in the water.
The kobold hits you with a +0 short sword.
* * * LOW HITPOINT WARNING * * *
The kobold brigand completely misses you.
The kobold hits you but does no damage.
Your unstable footing causes you to fumble your attack.
The kobold brigand splashes around in the water.
The kobold hits you with a +0 short sword.
* * * LOW HITPOINT WARNING * * *
Unknown command.
Your unstable footing causes you to fumble your attack.
The kobold brigand hits you with a +0 short sword.
* * * LOW HITPOINT WARNING * * *
The kobold splashes around in the water.
Unknown command.
You hit the kobold brigand but do no damage.
The kobold brigand is almost dead.
The kobold brigand hits you with a +0 short sword.
* * * LOW HITPOINT WARNING * * *
The kobold barely misses you.
Unknown command.
You closely miss the kobold brigand.
The kobold brigand is almost dead.
The kobold brigand splashes around in the water.
The kobold splashes around in the water.
The kobold brigand hits you with a +0 short sword.
* * * LOW HITPOINT WARNING * * *
Unknown command.
You hit the kobold brigand but do no damage.
The kobold brigand is almost dead.
The kobold splashes around in the water.
The kobold brigand hits you with a +0 short sword.
You die...

#. .#.#.# #≈ K#≈#≈# #≈
≈#≈#≈# ≈#≈#≈#)# .≈.#≈.≈#
#≈###≈## #.# #.# #K###≈#
#K@.≈.# ##≈≈≈## #≈≈.# #≈..#
#.≈≈## ###### #≈..≈## ≈
.≈≈)≈##### #.≈..≈#####≈≈
####≈.≈≈≈########..≈.≈.≈....
.≈≈)≈###≈≈.≈..≈####≈.≈≈≈≈≈..


You could see a kobold brigand and a kobold.

Vanquished Creatures
  A necrophage (D:3)
  3 kobold brigands (Sewer)
  Robin (D:2)
  3 gnolls (D:3)
  5 adders
  2 river rats
  A worm (Sewer)
  3 dart slugs
  2 bats
  3 endoplasms
  A giant cockroach (D:2)
  10 goblins
  5 hobgoblins
  4 quokkas
  5 ball pythons
  3 frilled lizards
  10 kobolds
  7 rats
69 creatures vanquished.

Notes
Turn   | Place    | Note
-------+----------+-------------------------------------------
     0 | D:1      | browni3141 the Human Fighter began the quest for the Orb.
     0 | D:1      | Reached XP level 1. HP: 18/18 MP: 1/1
    35 | D:1      | Found a faded altar of an unknown god.
   314 | D:1      | Reached XP level 2. HP: 24/24 MP: 2/2
   600 | D:2      | Reached skill level 4 in Shields
   600 | D:2      | Reached XP level 3. HP: 4/29 MP: 3/3
   796 | D:2      | Noticed a black bear
  1085 | D:2      | Reached XP level 4. HP: 35/35 MP: 4/4
  1120 | D:2      | Noticed Robin
  1175 | D:2      | Reached skill level 5 in Shields
  1432 | D:2      | Killed Robin
  1953 | D:3      | Noticed Sigmund
  1985 | D:3      | Reached XP level 5. HP: 41/41 MP: 5/5
  2005 | D:3      | Noticed a necrophage
  2026 | D:3      | Killed a necrophage
  2098 | D:3      | Reached XP level 6. HP: 47/47 MP: 6/6
  2120 | D:3      | Found a glowing drain.
  2129 | Sewer    | Entered a sewer
  2235 | Sewer    | Reached skill level 6 in Shields
  2235 | Sewer    | Reached XP level 7. HP: 30/53 MP: 7/7
  2678 | Sewer    | Slain by a kobold brigand

Illustrated notes

Levels and vault maps discovered:
D:1:      eino_arrival_water_star, layout_rooms, basic_ecumenical_altar,
          hangedman_decor_lopped, hangedman_decor_peaks_small,
          patterned_corridor
D:2:      layout_rooms, eino_tiny_chamber, uniq_robin
D:3:      layout_basic, gup_sewer_entry_bowl, minmay_liquid_box, uniq_sigmund
Sewer:    sewer_co_tree

Skill      XL: |  1  2  3  4  5  6 |
---------------+-------------------+-----
Shields        | 4 5 6 |  6.2
Long Blades    | 3 |  3.3
Fighting       | |  3.9
Armour         | |  3.9

Action                   |  1- 3 |  4- 6 |  7- 9 || total
-------------------------+-------+-------+-------++-------
Melee: Long sword        |    57 |   131 |    55 ||   243
Throw: Dart              |       |       |     2 ||     2
Armor: Scale mail        |     8 |       |       ||     8
       Plate armour      |    27 |    80 |       ||   107
       Chain mail        |       |    38 |    28 ||    66
Dodge: Dodged            |     7 |    30 |    14 ||    51
Block: Buckler           |    13 |    47 |     8 ||    68

Table legend: (Time is in decaauts)
 A = Elapsed time spent in this place.
 B = Non-inter-level travel time spent in this place.
 C = Inter-level travel time spent in this place.
 D = Time resting spent in this place.
 E = Time spent auto-exploring this place.
 F = Levels seen in this place.
 G = Mean time per level.
                   A        B        C        D        E       F      G
               +--------+--------+--------+--------+--------+-----+--------+
         Total |   2830 |   2697 |    133 |    499 |   1185 |   4 |  707.5 |
       Dungeon |   2199 |   2066 |    133 |    286 |    923 |   3 |  733.0 |
         Sewer |    631 |    631 |      0 |    213 |    261 |   1 |  631.0 |
               +--------+--------+--------+--------+--------+-----+--------+

Top non-repeatable levels by time:
     D:2: 1014 daAuts
     D:1: 1010 daAuts
   Sewer: 631 daAuts
     D:3: 174 daAuts
